Workbook

Sheet Datos
A2: PARTIDA | B2: ARTICULO | C2: UNIDAD | D2: COSTO UNITARIO $US | E2: PESO UNITARIO
A3: 8421.21.10.00 | B3: CARTUCHO DE OSMOSIS INVERSA | C3: 150 | D3: 140 | E3: 70
A4: 3907.29.20.10 | B4: RESINADO DE FILTRADO | C4: 70 | D4: 200 | E4: 35
A5: 8481.80.70.00 | B5: VALVULA DE GLOBO DE DIAMETRO | C5: 80 | D5: 160 | E5: 25
B8: HOJA DE COSTOS
B9: Gostos Internacionales
B10: Seguros | C10: 0.15 | D10: s/FOB
B11: Fletes | C11: 0.03 | D11: Art A
C12: 0.05 | D12: Art B
C13: 0.04 | D13: Art C
B14: Gostos Consulares | C14: 200 | D14: Bs
B16: Gastos Nacionales
B17: Fletes | C17: 0.5 | D17: Bs /Kg
B18: Comisiones Bancarias | C18: 0.02 | D18: s/CIF
B19: Arancel Aduanero | C19: 0.15 | D19: 0.1 | E19: 0.05 | F19: s/CIF
B20: Comisión Agencias | C20: 0.01 | D20: s/CIF
B21: Varios | C21: 1000 | D21: Bs
B22: IVA | C22: 0.1494
B23: Albos | C23: 0.005 | D23: s/CIF
B25: TC | C25: 1$us= | D25: 6.96 | E25: Bs
B26: Utilidad | C26: 0.4 | D26: 1.4
C27: 0.2 | D27: Importacion Venta
C28: 0.8 | D28: almacen
B29: Credito Fiscal | C29: =1-0.13 -> 0.87

Sheet Costos Intern
B2: Costos Internacionales
B3: Costo de Origen FOB
B4: =+Datos!B3 -> CARTUCHO DE OSMOSIS INVERSA | C4: =(Datos!C3*Datos!D3)*Datos!$D$25 -> 146160
B5: =+Datos!B4 -> RESINADO DE FILTRADO | C5: =(Datos!C4*Datos!D4)*Datos!$D$25 -> 97440
B6: =+Datos!B5 -> VALVULA DE GLOBO DE DIAMETRO | C6: =(Datos!C5*Datos!D5)*Datos!$D$25 -> 89088
B8: Seguros | C8: =+Datos!C10 -> 0.15
B9: =+Datos!B3 -> CARTUCHO DE OSMOSIS INVERSA | C9: =Hoja_Resultados!E6*'Costos Intern'!$C$8 -> 21924
B10: =+Datos!B4 -> RESINADO DE FILTRADO | C10: =Hoja_Resultados!E7*'Costos Intern'!$C$8 -> 14616
B11: =+Datos!B5 -> VALVULA DE GLOBO DE DIAMETRO | C11: =Hoja_Resultados!E8*'Costos Intern'!$C$8 -> 13363.2
B13: Fletes | C13: =+Datos!C11 -> 0.03 | D13: =+Datos!C12 -> 0.05 | E13: =+Datos!C13 -> 0.04
B14: =+Datos!B3 -> CARTUCHO DE OSMOSIS INVERSA | C14: =Hoja_Resultados!E6*'Costos Intern'!C13 -> 4384.8
B15: =+Datos!B4 -> RESINADO DE FILTRADO | C15: =Hoja_Resultados!E7*'Costos Intern'!D13 -> 4872
B16: =+Datos!B5 -> VALVULA DE GLOBO DE DIAMETRO | C16: =Hoja_Resultados!E8*'Costos Intern'!E13 -> 3563.52
B18: Gastos Consulares | D18: =+Datos!C14 -> 200
B19: =+Datos!B3 -> CARTUCHO DE OSMOSIS INVERSA | C19: =($D$18/Hoja_Resultados!$E$9)*Hoja_Resultados!E6 -> 87.866109
B20: =+Datos!B4 -> RESINADO DE FILTRADO | C20: =($D$18/Hoja_Resultados!$E$9)*Hoja_Resultados!E7 -> 58.577406
B21: =+Datos!B5 -> VALVULA DE GLOBO DE DIAMETRO | C21: =($D$18/Hoja_Resultados!$E$9)*Hoja_Resultados!E8 -> 53.556485

Sheet Costos Nacionales
B2: Costos Nacionales
B3: Transporte | C3: Peso Unit | D3: =+Datos!C17 -> 0.5 | F3: Comisión Agencia | H3: =+Datos!C20 -> 0.01
B4: =+Datos!B3 -> CARTUCHO DE OSMOSIS INVERSA | C4: =+Datos!E3 -> 70 | D4: =((C4*Hoja_Resultados!C6)*'Costos Nacionales'!$D$3)*Datos!$C$29 -> 4567.5 | F4: =+Datos!B3 -> CARTUCHO DE OSMOSIS INVERSA | G4: =(Hoja_Resultados!I6*$H$3)*Datos!$C$29 -> 1501.243
B5: =+Datos!B4 -> RESINADO DE FILTRADO | C5: =+Datos!E4 -> 35 | D5: =((C5*Hoja_Resultados!C7)*'Costos Nacionales'!$D$3)*Datos!$C$29 -> 1065.75 | F5: =+Datos!B4 -> RESINADO DE FILTRADO | G5: =(Hoja_Resultados!I7*$H$3)*Datos!$C$29 -> 1017.7832
B6: =+Datos!B5 -> VALVULA DE GLOBO DE DIAMETRO | C6: =+Datos!E5 -> 25 | D6: =((C6*Hoja_Resultados!C8)*'Costos Nacionales'!$D$3)*Datos!$C$29 -> 870 | F6: =+Datos!B5 -> VALVULA DE GLOBO DE DIAMETRO | G6: =(Hoja_Resultados!I8*$H$3)*Datos!$C$29 -> 922.79401
B8: Albos | C8: 0.005 | F8: Varios | G8: =+Datos!C21 -> 1000
B9: =+Datos!B3 -> CARTUCHO DE OSMOSIS INVERSA | C9: =(Hoja_Resultados!I6*$C$8)*Datos!$C$29 -> 750.6215 | F9: =+Datos!B3 -> CARTUCHO DE OSMOSIS INVERSA | G9: =(((Datos!$C$21*Datos!$C$29)/Hoja_Resultados!$E$9)*Hoja_Resultados!E6) -> 382.21757
B10: =+Datos!B4 -> RESINADO DE FILTRADO | C10: =(Hoja_Resultados!I7*$C$8)*Datos!$C$29 -> 508.89161 | F10: =+Datos!B4 -> RESINADO DE FILTRADO | G10: =(((Datos!$C$21*Datos!$C$29)/Hoja_Resultados!$E$9)*Hoja_Resultados!E7) -> 254.81172
B11: =+Datos!B5 -> VALVULA DE GLOBO DE DIAMETRO | C11: =(Hoja_Resultados!I8*$C$8)*Datos!$C$29 -> 461.397 | F11: =+Datos!B5 -> VALVULA DE GLOBO DE DIAMETRO | G11: =(((Datos!$C$21*Datos!$C$29)/Hoja_Resultados!$E$9)*Hoja_Resultados!E8) -> 232.97071
B13: Comisión Bancaria | D13: =+Datos!C18 -> 0.02 | F13: IVA | G13: =+Datos!C22 -> 0.1494
B14: =+Datos!B3 -> CARTUCHO DE OSMOSIS INVERSA | C14: =(Hoja_Resultados!I6*$D$13)*Datos!$C$29 -> 3002.486 | F14: =+Datos!B3 -> CARTUCHO DE OSMOSIS INVERSA | G14: =(Hoja_Resultados!I6+Hoja_Resultados!M6)*Datos!$C$22 -> 29646.961
B15: =+Datos!B4 -> RESINADO DE FILTRADO | C15: =(Hoja_Resultados!I7*$D$13)*Datos!$C$29 -> 2035.5664 | F15: =+Datos!B4 -> RESINADO DE FILTRADO | G15: =(Hoja_Resultados!I7+Hoja_Resultados!M7)*Datos!$C$22 -> 19225.574
B16: =+Datos!B5 -> VALVULA DE GLOBO DE DIAMETRO | C16: =(Hoja_Resultados!I8*$D$13)*Datos!$C$29 -> 1845.588 | F16: =+Datos!B5 -> VALVULA DE GLOBO DE DIAMETRO | G16: =(Hoja_Resultados!I8+Hoja_Resultados!M8)*Datos!$C$22 -> 16638.931
B18: Arancel Aduanero | C18: 0.15 | D18: 0.1 | E18: 0.05 | F18: Crediro Fiscal
B19: =+Datos!B3 -> CARTUCHO DE OSMOSIS INVERSA | C19: =Hoja_Resultados!I6*$C$18 -> 25883.5 | F19: =+Datos!B3 -> CARTUCHO DE OSMOSIS INVERSA | G19: =(((Hoja_Resultados!R6-Hoja_Resultados!I6-Hoja_Resultados!M6)/Datos!$C$29)*100%*13%)+Hoja_Resultados!P6 -> 31171.707
B20: =+Datos!B4 -> RESINADO DE FILTRADO | C20: =Hoja_Resultados!I7*$D$18 -> 11698.658 | F20: =+Datos!B4 -> RESINADO DE FILTRADO | G20: =(((Hoja_Resultados!R7-Hoja_Resultados!I7-Hoja_Resultados!M7)/Datos!$C$29)*100%*13%)+Hoja_Resultados!P7 -> 19955.188
B21: =+Datos!B5 -> VALVULA DE GLOBO DE DIAMETRO | C21: =Hoja_Resultados!I8*$E$18 -> 5303.4138 | F21: =+Datos!B5 -> VALVULA DE GLOBO DE DIAMETRO | G21: =(((Hoja_Resultados!R8-Hoja_Resultados!I8-Hoja_Resultados!M8)/Datos!$C$29)*100%*13%)+Hoja_Resultados!P8 -> 17286.353

Sheet Hoja_Resultados
A1: COSTO COMERCIAL
A2: HOJA DE IMPORTACIÓN Y DE COSTO
E4: Costo Bs | F4: Costos Internacionales en Bs | J4: Costos Nacionales | V4: 0.2
A5: N° | B5: Concep. | C5: Cant. | D5: COSTO UNITARIO $US | E5: Costo de Origen FOB | F5: Seguros | G5: Fletes | H5: Gastos Consulares | I5: CIF FRONTERA | J5: Transporte | K5: Albos | L5: Comisiones Bancarias | M5: Arancel Aduanero | N5: Comisión Agencia | O5: Gastos Varios | P5: IVA 14.94% | Q5: Costo Almacen en $US | R5: Costo Almacen en Bs | S5: Credito Fiscal | T5: Costo Unitario en Bs | U5: Precio de Venta en Bs | V5: Cantidad de Ventas | W5: Ventas en Bs | Y5: Costo de Venta (CMV) | Z5: Inventario Final | AA5: Utilidad Bruta
A6: =+Datos!A3 -> 8421.21.10.00 | B6: =+Datos!B3 -> CARTUCHO DE OSMOSIS INVERSA | C6: =+Datos!C3 -> 150 | D6: =+Datos!D3 -> 140 | E6: =+'Costos Intern'!C4 -> 146160 | F6: =+'Costos Intern'!C9 -> 21924 | G6: =+'Costos Intern'!C14 -> 4384.8 | H6: =+'Costos Intern'!C19 -> 87.866109 | I6: =E6+F6+G6+H6 -> 172556.67 | J6: =+'Costos Nacionales'!D4 -> 4567.5 | K6: =+'Costos Nacionales'!C9 -> 750.6215 | L6: =+'Costos Nacionales'!C14 -> 3002.486 | M6: =+'Costos Nacionales'!C19 -> 25883.5 | N6: =+'Costos Nacionales'!G4 -> 1501.243 | O6: =+'Costos Nacionales'!G9 -> 382.21757 | P6: =+'Costos Nacionales'!G14 -> 29646.961 | Q6: =(I6+J6+K6+L6+M6+N6+O6)/Datos!$D$25 -> 29977.62 | R6: =Q6*Datos!$D$25 -> 208644.23 | S6: =+'Costos Nacionales'!G19 -> 31171.707 | T6: =R6/C6 -> 1390.9616 | U6: =(T6*Datos!$D$26)/Datos!$C$29 -> 2238.3289 | V6: =C6*Datos!$C$27 -> 30 | W6: =U6*V6 -> 67149.868 | Y6: =T6*V6 -> 41728.847 | Z6: =(C6-V6)*T6 -> 166915.39 | AA6: =(W6*87%)-Y6 -> 16691.539
A7: =+Datos!A4 -> 3907.29.20.10 | B7: =+Datos!B4 -> RESINADO DE FILTRADO | C7: =+Datos!C4 -> 70 | D7: =+Datos!D4 -> 200 | E7: =+'Costos Intern'!C5 -> 97440 | F7: =+'Costos Intern'!C10 -> 14616 | G7: =+'Costos Intern'!C15 -> 4872 | H7: =+'Costos Intern'!C20 -> 58.577406 | I7: =E7+F7+G7+H7 -> 116986.58 | J7: =+'Costos Nacionales'!D5 -> 1065.75 | K7: =+'Costos Nacionales'!C10 -> 508.89161 | L7: =+'Costos Nacionales'!C15 -> 2035.5664 | M7: =+'Costos Nacionales'!C20 -> 11698.658 | N7: =+'Costos Nacionales'!G5 -> 1017.7832 | O7: =+'Costos Nacionales'!G10 -> 254.81172 | P7: =+'Costos Nacionales'!G15 -> 19225.574 | Q7: =(I7+J7+K7+L7+M7+N7+O7)/Datos!$D$25 -> 19190.81 | R7: =Q7*Datos!$D$25 -> 133568.04 | S7: =+'Costos Nacionales'!G20 -> 19955.188 | T7: =R7/C7 -> 1908.1148 | U7: =(T7*Datos!$D$26)/Datos!$C$29 -> 3070.5296 | V7: =C7*Datos!$C$27 -> 14 | W7: =U7*V7 -> 42987.415 | Y7: =T7*V7 -> 26713.608 | Z7: =(C7-V7)*T7 -> 106854.43 | AA7: =(W7*87%)-Y7 -> 10685.443
A8: =+Datos!A5 -> 8481.80.70.00 | B8: =+Datos!B5 -> VALVULA DE GLOBO DE DIAMETRO | C8: =+Datos!C5 -> 80 | D8: =+Datos!D5 -> 160 | E8: =+'Costos Intern'!C6 -> 89088 | F8: =+'Costos Intern'!C11 -> 13363.2 | G8: =+'Costos Intern'!C16 -> 3563.52 | H8: =+'Costos Intern'!C21 -> 53.556485 | I8: =E8+F8+G8+H8 -> 106068.28 | J8: =+'Costos Nacionales'!D6 -> 870 | K8: =+'Costos Nacionales'!C11 -> 461.397 | L8: =+'Costos Nacionales'!C16 -> 1845.588 | M8: =+'Costos Nacionales'!C21 -> 5303.4138 | N8: =+'Costos Nacionales'!G6 -> 922.79401 | O8: =+'Costos Nacionales'!G11 -> 232.97071 | P8: =+'Costos Nacionales'!G16 -> 16638.931 | Q8: =(I8+J8+K8+L8+M8+N8+O8)/Datos!$D$25 -> 16624.201 | R8: =Q8*Datos!$D$25 -> 115704.44 | S8: =+'Costos Nacionales'!G21 -> 17286.353 | T8: =R8/C8 -> 1446.3055 | U8: =(T8*Datos!$D$26)/Datos!$C$29 -> 2327.3882 | V8: =C8*Datos!$C$27 -> 16 | W8: =U8*V8 -> 37238.211 | Y8: =T8*V8 -> 23140.888 | Z8: =(C8-V8)*T8 -> 92563.552 | AA8: =(W8*87%)-Y8 -> 9256.3552
A9: TOTAL | C9: =SUM(C6:C8) -> 300 | E9: =SUM(E6:E8) -> 332688 | F9: =SUM(F6:F8) -> 49903.2 | G9: =SUM(G6:G8) -> 12820.32 | H9: =SUM(H6:H8) -> 200 | I9: =SUM(I6:I8) -> 395611.52 | J9: =SUM(J6:J8) -> 6503.25 | K9: =SUM(K6:K8) -> 1720.9101 | L9: =SUM(L6:L8) -> 6883.6404 | ... S9: =SUM(S6:S8) -> 68413.248 | V9: =SUM(V6:V8) -> 60 | W9: =SUM(W6:W8) -> 147375.49 | Y9: =SUM(Y6:Y8) -> 91583.342 | Z9: =SUM(Z6:Z8) -> 366333.37 | AA9: =SUM(AA6:AA8) -> 36633.337
